 Dungeon Crawl Stone Soup version 0.28.0-1-gb440e238dd (webtiles) character file.

Game seed: 16252916968701371599

2 Woods the Caller (level 1, 0/7 HPs)
             Began as a Felid Summoner on Feb 25, 2022.
             Slain by a bat (1 damage)
             ... on level 1 of the Dungeon.
             The game lasted 00:00:15 (131 turns).

Woods the Caller (Felid Summoner)                    Turns: 131, Time: 00:00:16

Health: 0/7        AC:  1    Str:  4    XL:     1   Next: 33%
Magic:  2/4        EV: 17    Int: 16    God:
Gold:   0          SH:  0    Dex: 16    Spells: 3/4 levels left
                                        Lives:  0   Deaths: 0

rFire   . . .      SeeInvis +   (weapon unavailable)
rCold   . . .      Faith    .   (shield unavailable)
rNeg    . . .      Spirit   .   (armour unavailable)
rPois   .          Reflect  .   (helmet unavailable)
rElec   .          Harm     .   (cloak unavailable)
rCorr   .          Rampage  .   (gloves unavailable)
Will    .....                   (boots unavailable)
Stlth   ++........              (no amulet)
HPRegen 0.02/turn               (no ring)
MPRegen 0.09/turn               (no ring)

@: quick
A: very small, claws 1, fangs 3, see invisible, speed 1, shaggy fur 1, stealthy
paws, no weapons or thrown items, no armour, multi-lived
a: no special abilities


You were on level 1 of the Dungeon.
You visited 1 branch of the dungeon, and saw 1 of its levels.

You aren't carrying anything.


   Skills:
 + Level 2.8 Dodging
 + Level 2.8 Stealth
 + Level 2.0 Spellcasting
 + Level 4.0 Summonings


You had 3 spell levels left.
You knew the following spells:

 Your Spells              Type           Power      Damage    Failure   Level
a - Summon Small Mammal   Summ           56%        N/A       4%          1

Your spell library contained the following spells:

 Spells                   Type           Power      Damage    Failure   Level
 Call Imp                 Summ           14%        N/A       6%          2
 Call Canine Familiar     Summ           14%        N/A       12%         3
 Summon Guardian Golem    Hex/Summ       8%         N/A       26%         3
 Summon Lightning Spire   Summ/Air       8%         N/A       65%         4


Dungeon Overview and Level Annotations

Branches:
Dungeon (1/15)

Altars:


Innate Abilities, Weirdness & Mutations

You have sharp claws.
You have razor-sharp teeth.
You have supernaturally acute eyesight. (SInv)
You cover ground quickly. (Speed+)
You are covered in fur. (AC +1)
Your paws help you pounce on unaware monsters.
You are incapable of wielding weapons or throwing items.
You cannot wear armour.
You gain extra lives every three experience levels.


Message History

Your rat dies!
Your rat's corpse disappears in a puff of smoke!
The kobold throws a stone.
The stone hits you but does no damage.
A kobold is nearby!
Casting: Summon Small Mammal (safe; 4% risk of failure)
Confirm with . or Enter, or press ? or * to list all spells.
Casting: Summon Small Mammal (safe; 4% risk of failure)
Confirm with . or Enter, or press ? or * to list all spells.
The kobold throws a stone.
The stone barely misses your quokka. The stone misses you.
Your quokka barely misses the kobold.
You swap places.
The kobold throws a stone.
The stone barely misses your quokka. x2; The stone closely misses you.
Your quokka barely misses the kobold.
The kobold hits your quokka but does no damage.
Your quokka completely misses the kobold.
A ball python comes into view.
Found 8 gold pieces.
The kobold throws a stone.
The stone barely misses your quokka. The stone barely misses you.
Found a dagger.
Your quokka closely misses the kobold.
The ball python hisses angrily.
A bat comes into view.
Your quokka bites the kobold.
The kobold dies!
Your quokka barely misses the bat.
Your quokka closely misses the bat.
The bat moves out of view.
The bat closely misses your quokka. The ball python bites you.
* * * LOW HITPOINT WARNING * * *
The ball python closely misses you.
You swap places.
Your quokka closely misses the ball python.
The ball python bites your quokka but does no damage.
The ball python misses your quokka.
You swap places.
The bat barely misses you.
Your quokka barely misses the ball python.
Your quokka bites the ball python.
The ball python bites your quokka. The ball python grabs your quokka.
The ball python constricts your quokka. The bat hits you.
You die...

#.###.#.#.# #.#
#.#...#.#.# #.#
#.#.......###.# #.#
#.#####.......# #.#
#......########
#.#.###.†.....#
#######.#.........#.#
.......r#####)#####.#
........Sr@b..# #.#
.......######## #.#
....... ..########.#
...$...
........##.#####
.......
........##.....#
.......
........######.#
....... #......[# #.#
.....).
#.......######.#
#..............#


You could see a bat, a ball python (ally target) and 2 friendly quokkas.

Vanquished Creatures (collateral kills)
  A giant cockroach (D:1)
  A kobold (D:1)
2 creatures vanquished.

Notes
Turn   | Place    | Note
-------+----------+-------------------------------------------
     0 | D:1      | Woods the Felid Summoner began the quest for the Orb.
     0 | D:1      | Reached XP level 1. HP: 7/7 MP: 4/4
   131 | D:1      | Slain by a bat

Illustrated notes

Levels and vault maps discovered:
D:1:      evilmike_arrival_hilbert_curve, layout_basic,
          chequers_serial_rivers_micro_e

Action                   || total
-------------------------++-------
Melee: Unarmed           ||     1
       Bite              ||     1
 Cast: Summon Small Mamm ||     6
Armor: Skin              ||     1
Dodge: Dodged            ||    14
